 Dungeon Crawl Stone Soup version 0.19-a0-262-g5df7875 (webtiles) character file.

22762 Duffy the Nimble (level 13, 104/105 HPs)
             Began as a Human Wizard on May 25, 2016.
             Was a High Priest of Kikubaaqudgha.
             Quit the game on level 2 of the Abyss.
             The game lasted 00:54:40 (30428 turns).

Duffy the Nimble (Human Wizard)                    Turns: 30428, Time: 00:54:41

Health: 104/105    AC: 13    Str:  7    XL:     13   Next: 30%
Magic:  16/22      EV: 20    Int: 21    God:    Kikubaaqudgha [*****.]
Gold:   1234       SH:  0    Dex: 15    Spells: 8 memorised, 4 levels left

rFire  . . .     SeeInvis .     t - +2 flail (protect)
rCold  + . .     Gourm    .     H - +0 steam dragon armour
rNeg   . . .     Faith    .     (no shield)
rPois  .         Spirit   .     b - +0 hat
rElec  .         Dismiss  .     D - +1 cloak
rCorr  .         Reflect  .     (no gloves)
SustAt .         Harm     .     (no boots)
MR     .....                    (no amulet)
Stlth  ++........               (no ring)
                                (no ring)

@: mildly poisoned (104 -> 103), repel missiles, not resistant to hostile
enchantments, unstealthy
A: icy blue scales 1, cold resistance 1
a: Receive Corpses, Torment, Renounce Religion


You were on level 2 of the Abyss.
You worshipped Kikubaaqudgha.
Kikubaaqudgha was extremely pleased with you.
You were hungry.

You visited 3 branches of the dungeon, and saw 15 of its levels.
You visited the Abyss 1 time.
You also visited: Sewer.

You collected 1234 gold pieces.


Innate Abilities, Weirdness & Mutations

You are partially covered in icy blue scales. (AC +1)
Your flesh is cold resistant. (rC+)


   Skills:
 - Level 10.8 Fighting
 - Level 11.6 Dodging
 - Level 2.0 Stealth
 + Level 6.0 Spellcasting
 - Level 5.6 Conjurations
 - Level 5.2 Charms
 - Level 5.5 Summonings
 + Level 7.6 Necromancy
 - Level 1.0 Translocations
 - Level 5.4 Air Magic


You had 4 spell levels left.
You knew the following spells:

 Your Spells              Type           Power        Failure   Level  Hunger
a - Magic Dart            Conj           ####         1%          1    None
i - Call Imp              Summ           ####....     1%          2    None
j - Summon Lightning Spi  Summ/Air       ####....     14%         4    ####...
l - Conjure Flame         Conj/Fire      ###.....     12%         3    ##.....
m - Repel Missiles        Chrm/Air       ####..       1%          2    None
n - Mephitic Cloud        Conj/Pois/Air  ###.....     10%         3    ##.....
r - Regeneration          Chrm/Necr      ####......   2%          3    ##.....
B - Blink                 Tloc           N/A          12%         2    None

Inventory:

Hand Weapons
 t - a +2 flail of protection (weapon)
Missiles
 k - 31 poisoned needles
 s - 11 tomahawks (quivered)
 x - a throwing net
Armour
 b - a +0 hat (worn)
 e - a +0 buckler
 D - a +1 cloak (worn)
 H - a +0 steam dragon armour (worn)
Jewellery
 j - an uncursed ring of ice
 G - the ring of Meotozyi {Ice Str+4 Dex+3}

   [ring of ice]

   It enhances your ice magic, and weakens your fire magic.
   It affects your strength (+4).
   It affects your dexterity (+3).
   It makes you vulnerable to fire.
   It protects you from cold.
Wands
 l - a wand of lightning (8/15)
 u - a wand of hasting (3/9)
 v - a wand of digging (9/24)
 A - a wand of enslavement (7/24)
 L - a wand of digging (6/24)
Scrolls
 n - a scroll of fog
 o - a scroll of teleportation
 p - 5 scrolls of enchant weapon
 q - 5 scrolls of remove curse
 y - 5 scrolls of amnesia
 F - a scroll of fear
Potions
 a - a potion of agility
 h - 4 potions of curing
 i - 2 potions of flight
 B - 3 potions of might
Books
 c - a book of Minor Magic
 m - a book of the Sky
 r - a book of Spatial Translocations
 w - Kikubaaqudgha's Handbook of Necromancy

   Spells                             Type                      Level
   a - Animate Dead                   Necromancy                   4
   b - Bolt of Draining               Conjuration/Necromancy       5
   c - Agony                          Necromancy                   5
   d - Dispel Undead                  Necromancy                   5
   e - Death Channel                  Necromancy                   6
 E - Kikubaaqudgha's Tome of Unholy Secrets

   Spells                             Type                      Level
   a - Animate Skeleton               Necromancy                   1
   b - Corpse Rot                     Necromancy                   2
   c - Sublimation of Blood           Necromancy                   2
   d - Regeneration                   Charms/Necromancy            3
   e - Control Undead                 Necromancy                   4
Comestibles
 d - 10 bread rations
 f - 4 meat rations

Dungeon Overview and Level Annotations

Branches:
Dungeon (11/15)            Temple (0/1) D:6            Lair (2/8) D:11
    Orc (2/2) D:10            Elf (0/3) Orc:2

Altars:
Ashenzari
Dithmenos
Fedhas
Gozag
Hepliaklqana
Kikubaaqudgha
Nemelex Xobeh
Okawaru
Pakellas
Qazlal
Ru
Trog
Xom
Yredelemnul
Zin
The Shining One
Beogh

Shops:
D:7 }   D:9 *


Message History

An electric hum fills the air.
Your lightning spire disappears in a puff of smoke!
An orc sorcerer comes into view. It is wielding a dagger.
Your lightning spire shoots out a bolt of lightning at the ogre mage!
The bolt of electricity hits the ogre mage.
Things that are here:
a dagger; a robe; an orc corpse The ogre mage hits your lightning spire with a halberd!
Your lightning spire shoots out a bolt of lightning at the ogre mage!
The bolt of electricity hits the ogre mage.
The ogre mage barely misses your lightning spire.
Something hits your lightning spire but does no damage.
Something hits your lightning spire!
Cast which spell? (? or * to list)
Aiming: Summon Lightning Spire
Press: ? - help, Dir - move target cursor An electric hum fills the air.
Your lightning spire disappears in a puff of smoke!
Your lightning spire shoots out a bolt of lightning at the ogre mage!
The bolt of electricity hits the ogre mage.
What do you say? t - Shout!
Orders for allies: a - Attack new target. r - Retreat! s - Stop attacking. w - Wait here. f - Follow me.
Anything else - Stay silent.
Gang up on whom?
Press: ? - help, Dir - move target cursor, f - orc sorcerer
Aim: an orc sorcerer, wielding a dagger and wearing a robe (moderately wounded) Attack!
The ogre mage mumbles some strange words.
The ogre mage blinks!
Your lightning spire shoots out a bolt of lightning at the orc sorcerer!
The bolt of electricity hits the orc sorcerer.
The orc sorcerer casts a spell at you.
The bolt of fire hits your lightning spire.
Your lightning spire resists.
The ogre mage points at you and mumbles some strange words.
The sting hits you!
You are poisoned.
You feel sick.
Your lightning spire shoots out a bolt of lightning at the orc sorcerer!
The bolt of electricity hits the ice devil.
The bolt of electricity hits the orc sorcerer.
The ogre mage gestures at you while chanting.
You are cast into the Abyss!
To return, you must find a gate leading back.
Killing monsters will force the Abyss to allow you passage.
This branch contains the abyssal rune of Zot.
Are you sure you want to abandon this character and quit the game? (Confirm with "yes".)

#.............#
......#........
..............
. .............
...#...........
....#........#
............##.
.......@.......
...#...........
#...........
..#..........
..# ...........
. .........#..
..........# .
............


There were no monsters in sight!

Action                   |  1- 3 |  4- 6 |  7- 9 | 10-12 | 13-15 || total
-------------------------+-------+-------+-------+-------+-------++-------
Melee: Spear             |    31 |    34 |    36 |       |       ||   101
       Flail             |       |       |    78 |   649 |   176 ||   903
 Cast: Magic Dart        |    47 |   153 |   292 |   229 |    22 ||   743
       Call Imp          |     5 |     6 |     5 |     2 |       ||    18
       Repel Missiles    |     2 |     1 |     1 |     2 |     1 ||     7
       Conjure Flame     |       |     5 |    13 |    80 |    13 ||   111
       Mephitic Cloud    |       |     4 |     9 |     1 |       ||    14
       Blink             |       |       |     4 |    19 |     9 ||    32
       Summon Lightning  |       |       |       |   115 |    52 ||   167
  Use: Scroll            |     3 |     1 |     5 |    11 |     1 ||    21
       Potion            |       |     4 |       |     6 |     2 ||    12
 Stab: Sleeping          |       |       |       |     5 |     1 ||     6
       Distracted        |       |       |       |    17 |     3 ||    20
       Confused          |       |       |       |     1 |       ||     1
  Eat: Chunk             |     3 |    10 |    15 |    61 |    17 ||   106
       Fruit             |       |     2 |     2 |     4 |       ||     8
       Beef jerky        |       |       |     2 |       |       ||     2
       Meat ration       |       |       |       |     1 |       ||     1
       Royal jelly       |       |       |       |     1 |       ||     1
       Pizza             |       |       |       |     3 |       ||     3
       Bread ration      |       |       |       |       |     1 ||     1
Armor: Robe              |     7 |     7 |    40 |    22 |       ||    76
       Steam dragon armo |       |       |       |   207 |    53 ||   260
       Skin              |       |       |       |    35 |       ||    35
Dodge: Dodged            |    15 |    24 |   180 |   884 |   207 ||  1310
       Deflected         |     3 |     2 |     1 |     7 |       ||    13

Notes
Turn   | Place    | Note
--------------------------------------------------------------
     0 | D:1      | Duffy the Human Wizard began the quest for the Orb.
     0 | D:1      | Reached XP level 1. HP: 13/13 MP: 4/4
   532 | D:1      | Reached skill level 2 in Conjurations
   532 | D:1      | Reached XP level 2. HP: 19/19 MP: 1/6
   626 | D:1      | Learned a level 2 spell: Blink
   629 | D:1      | Learned a level 2 spell: Repel Missiles
   632 | D:1      | Learned a level 2 spell: Call Imp
  1163 | D:2      | Reached XP level 3. HP: 10/24 MP: 0/7
  1944 | D:2      | Reached skill level 3 in Conjurations
  1950 | D:2      | Reached XP level 4. HP: 30/30 MP: 1/9
  1960 | D:2      | Found an iron altar of Okawaru.
  2395 | D:2      | Learned a level 3 spell: Conjure Flame
  2431 | D:3      | Found a glowing drain.
  2584 | D:3      | Reached XP level 5. HP: 21/35 MP: 0/10
  2670 | Sewer    | Entered a sewer
  2745 | Sewer    | Gained mutation: Your flesh is cold resistant. (rC+) [potion of beneficial mutation]
  2790 | Sewer    | Gained mutation: You are partially covered in icy blue scales. (AC +1) [potion of beneficial mutation]
  2985 | Sewer    | Noticed a big kobold
  3200 | Sewer    | Killed a big kobold
  3200 | Sewer    | Reached skill level 4 in Spellcasting
  3200 | Sewer    | Reached skill level 4 in Conjurations
  3200 | Sewer    | Reached XP level 6. HP: 41/41 MP: 0/12
  3323 | Sewer    | Found a white marble altar of Elyvilon.
  3369 | Sewer    | Learned a level 3 spell: Mephitic Cloud
  3379 | D:3      | Found an opulent altar of Gozag.
  3660 | D:3      | Noticed Natasha
  3673 | D:3      | Killed Natasha
  3722 | D:3      | Found a basalt altar of Yredelemnul.
  3850 | D:3      | Noticed Natasha
  3862 | D:3      | Killed Natasha
  3955 | D:3      | Noticed Natasha
  3968 | D:3      | Killed Natasha
  4002 | D:3      | Noticed mistymad's ghost (amateur GrFi)
  4269 | D:3      | Reached skill level 5 in Conjurations
  4681 | D:4      | Found a shadowy altar of Dithmenos.
  4811 | D:4      | Noticed Eustachio
  5132 | D:4      | Reached XP level 7. HP: 46/46 MP: 2/14
  5246 | D:4      | Found a shattered altar of Ashenzari.
  5334 | D:4      | Found a shattered altar of Ashenzari.
  5694 | D:4      | Reached skill level 5 in Spellcasting
  6421 | D:4      | Reached skill level 1 in Fighting
  6972 | D:5      | Entered Level 5 of the Dungeon
  6979 | D:5      | Reached skill level 2 in Fighting
  7041 | D:5      | Reached skill level 3 in Dodging
  7041 | D:5      | Reached XP level 8. HP: 30/57 MP: 8/15
  7461 | D:5      | Found a sparkling altar of Nemelex Xobeh.
  7592 | D:4      | Reached skill level 3 in Fighting
  7642 | D:5      | Reached skill level 4 in Dodging
  7859 | D:5      | Noticed Edmund
  7890 | D:5      | Killed Edmund
  7900 | D:5      | Reached skill level 4 in Fighting
  8024 | D:5      | Reached skill level 5 in Dodging
  8212 | D:5      | Found an ancient bone altar of Kikubaaqudgha.
  8253 | D:5      | Became a worshipper of Kikubaaqudgha
  8404 | D:5      | Noticed Blork the orc
  8471 | D:5      | Killed Blork the orc
  8503 | D:5      | Reached skill level 5 in Fighting
  8503 | D:5      | Reached XP level 9. HP: 27/68 MP: 10/16
  8833 | D:5      | Noticed Pikel
  8855 | D:5      | Killed Pikel
  8855 | D:5      | Reached skill level 6 in Fighting
  8855 | D:5      | Reached skill level 6 in Dodging
  9215 | D:5      | Found a blossoming altar of Fedhas.
  9227 | D:5      | Learned a level 4 spell: Summon Lightning Spire
  9617 | D:4      | Reached skill level 1 in Air Magic
  9749 | D:5      | Reached skill level 2 in Summonings
 10088 | D:6      | Found a staircase to the Ecumenical Temple.
 10128 | D:6      | Reached skill level 2 in Air Magic
 10563 | D:6      | Reached skill level 3 in Summonings
 10631 | D:6      | Found a glowing golden altar of the Shining One.
 10650 | D:6      | Found a sacrificial altar of Ru.
 10755 | D:6      | Reached skill level 3 in Air Magic
 10926 | D:7      | Found an oddly glowing altar of Pakellas.
 10940 | D:7      | Found a stormy altar of Qazlal.
 11357 | D:7      | Reached skill level 4 in Summonings
 11357 | D:7      | Reached XP level 10. HP: 76/76 MP: 11/17
 11427 | D:7      | Reached skill level 4 in Air Magic
 11536 | D:7      | Noticed Prince Ribbit
 11544 | D:7      | Killed Prince Ribbit
 11753 | D:7      | Found Duocs's Gadget Shop.
 12016 | D:7      | Found a shimmering altar of Xom.
 12667 | D:7      | Reached skill level 5 in Summonings
 12802 | D:8      | Reached skill level 5 in Air Magic
 12868 | D:8      | Reached * piety under Kikubaaqudgha
 12868 | D:8      | Received a gift from Kikubaaqudgha
 12869 | D:8      | Identified Kikubaaqudgha's Tome of Unholy Secrets (Kikubaaqudgha gifted it to you on level 8 of the Dungeon)
 13195 | D:8      | Reached skill level 7 in Dodging
 13665 | D:8      | Found a hazy altar of Hepliaklqana.
 14144 | D:8      | Reached skill level 7 in Fighting
 14356 | D:8      | Got a crystal flail {vamp}
 14379 | D:8      | Identified the cursed +3 flail "Punubul" {vamp, rC+} (You took it off a crimson imp on level 8 of the Dungeon)
 14655 | D:8      | Noticed a moth of wrath
 14674 | D:8      | Found a bloodstained altar of Trog.
 14700 | D:8      | Reached ** piety under Kikubaaqudgha
 14925 | D:9      | Found Zin's Purification Station.
 14939 | D:9      | Found a glowing silver altar of Zin.
 15135 | D:9      | Reached skill level 8 in Dodging
 16229 | D:9      | Reached XP level 11. HP: 80/86 MP: 2/18
 16231 | D:9      | Reached skill level 8 in Fighting
 16617 | D:7      | Reached skill level 9 in Dodging
 16739 | D:3      | Killed Eustachio
 16794 | D:3      | Killed mistymad's ghost
 16979 | D:3      | Reached *** piety under Kikubaaqudgha
 16979 | D:3      | Received a gift from Kikubaaqudgha
 16980 | D:3      | Identified Kikubaaqudgha's Handbook of Necromancy (Kikubaaqudgha gifted it to you on level 3 of the Dungeon)
 16988 | D:3      | Found an oddly glowing altar of Pakellas.
 17381 | D:10     | Entered Level 10 of the Dungeon
 17581 | D:10     | Found a staircase to the Orcish Mines.
 18040 | D:10     | Noticed a hill giant
 18062 | D:10     | Killed a hill giant
 18062 | D:10     | Reached skill level 9 in Fighting
 18764 | D:10     | Reached skill level 10 in Dodging
 19359 | D:10     | Reached **** piety under Kikubaaqudgha
 19586 | D:10     | Reached skill level 10 in Fighting
 19638 | D:10     | Noticed a hill giant
 19669 | D:10     | Killed a hill giant
 20267 | D:11     | Noticed a red ugly thing
 20268 | D:11     | Found a staircase to the Lair.
 20281 | D:11     | Killed a red ugly thing
 20281 | D:11     | Reached XP level 12. HP: 60/97 MP: 12/19
 20469 | D:11     | Got a bound amber ring
 20470 | D:11     | Identified the ring of Meotozyi {Ice Str+4 Dex+3} (You found it on level 11 of the Dungeon)
 20602 | D:11     | Reached skill level 11 in Dodging
 21893 | D:11     | Learned a level 3 spell: Regeneration
 21980 | Lair:1   | Entered Level 1 of the Lair of Beasts
 22113 | D:11     | Reached skill level 1 in Charms
 22113 | D:11     | Reached skill level 1 in Necromancy
 22448 | Lair:1   | Reached skill level 2 in Charms
 22448 | Lair:1   | Reached skill level 2 in Necromancy
 22741 | Lair:1   | Reached skill level 3 in Necromancy
 23092 | Lair:1   | Reached skill level 3 in Charms
 23461 | Lair:1   | Reached ***** piety under Kikubaaqudgha
 23948 | Lair:1   | Reached skill level 4 in Charms
 24264 | Lair:2   | Reached skill level 4 in Necromancy
 25115 | Orc:1    | Entered Level 1 of the Orcish Mines
 25489 | D:10     | Reached skill level 5 in Charms
 25489 | D:10     | Reached skill level 5 in Necromancy
 25952 | Orc:1    | Found a shimmering altar of Xom.
 26138 | Orc:1    | Reached XP level 13. HP: 103/105 MP: 15/20
 26239 | Orc:1    | Found a bloodstained altar of Trog.
 27566 | Orc:1    | Reached skill level 6 in Necromancy
 28762 | Orc:2    | Entered Level 2 of the Orcish Mines
 29091 | Orc:2    | Paralysed by an orc sorcerer for 2 turns
 29216 | Orc:2    | Found a roughly hewn altar of Beogh.
 29604 | Orc:2    | Reached skill level 7 in Necromancy
 29876 | Orc:2    | Found a staircase to the Elven Halls.
 30133 | Orc:2    | Noticed an ogre mage
 30395 | Orc:2    | Reached skill level 6 in Spellcasting
 30427 | Orc:2    | Cast into level 2 of the Abyss (an ogre mage)
 30428 | Abyss:2  | Quit the game

Skill      XL: |  1  2  3  4  5  6  7  8  9 10 11 12 13 |
---------------+----------------------------------------+-----
Conjurations   | 2 3 4 5 |  5.6
Spellcasting   | 4 5 6 |  6.0
Fighting       | 2 5 6 7 10 | 10.8
Dodging        | 3 5 6 8 10 11 | 11.6
Air Magic      | 3 5 |  5.4
Summonings     | 4 5 |  5.5
Charms         | 5 |  5.2
Necromancy     | 5 7 |  7.6
Stealth        | |  2.0
Translocations | |  1.0

Vault maps used:
D:1:      minmay_arrival_loop
D:2:      kennysheep_the_goblin_king, okawaru_altar_gauntlet_db, serial_glass,
          glass_columns_c, glass_columns_a, glass_columns_b, glass_columns_a,
          glass_columns_a, first_bread
D:3:      yredelemnul_forgotten_temple_becter, nicolae_gozag_seed_capital,
          lemuel_coloured_pillars_altar, portal_sewer_entry_f, minmay_quantized,
          uniq_natasha
D:4:      lemuel_doored_altar, grunt_dithmenos_smoke,
          lightli_ossuary_entry_decrepit_ruins, st_stairs_6,
          evilmike_ruin_ashenzari, uniq_eustachio
D:5:      nemelex_xobeh_ov_fountains_minmay, fedhas_altar_4,
          kennysheep_little_box, st_stairs_14, uniq_blork_the_orc, uniq_pikel,
          uniq_edmund
D:6:      tso_oasis_becter, hangedman_ru_absence
D:7:      nicolae_overflow_hidden_temple, nicolae_qazlal_general_emergency,
          serial_shops, nicolae_shop_waterfront, grunt_pakellas_salt,
          uniq_prince_ribbit1
D:8:      kennysheep_steamy, tgw_trog, kennysheep_mini
D:9:      zin_purify, the_bakery
D:10:     zombieorc2_lemuel
D:11:     lair_0_dummy
Lair:1:   serial_bayou_shore_b, grunt_megastairs_2
Orc:1:    special_room, basic_altar, nicolae_orc_bridge_out,
          nicolae_orc_pool_cavern, trog_butcher_becter
Orc:2:    kennysheep_orc_mage_school, basic_altar, abandoned_shop
Sewer:    sewer_kobolds

Vanquished Creatures
  Pikel
  6 hill giants
  6 orc knights
  2 ugly things
  3 orc sorcerers
  3 black mambas
  A centaur zombie
  3 spiny frogs
  A komodo dragon
  6 trolls Prince Ribbit
  4 blink frogs
  A spriggan
  A wraith
  25 yaks
  A basilisk Eustachio
  A hill giant zombie
  5 hippogriffs
  3 steam dragons
  3 hungry ghosts Edmund
  2 wargs
  4 porcupines
  2 sky beasts
  22 orc warriors
  2 slaves
  2 ice beasts
  4 phantoms
  4 black bears
  11 ogres
  3 wolves
  4 crocodiles
  7 centaurs
  The ghost of mistymad the Shield-Bearer, an amateur GrFi Blork the orc
  2 big kobolds
  11 giant frogs
  2 gnoll sergeants
  A scorpion
  A troll zombie
  19 killer bees
  15 wights
  An electric eel
  9 howler monkeys
  7 crimson imps
  A giant frog zombie
  9 hounds
  2 quasits
  3 centaur skeletons
  3 jellies
  3 giant frog skeletons
  18 orc priests
  A gnoll shaman
  10 iguanas
  Natasha (thrice)
  24 orc wizards
  17 worker ants
  A killer bee zombie
  3 sheep
  6 ogre zombies
  3 hound zombies
  2 hound skeletons
  A howler monkey zombie
  15 gnolls
  16 adders
  17 river rats
  A shadow imp
  2 adder skeletons
  3 worms
  2 dart slugs
  10 giant geckos
  76 orcs
  3 bats
  3 giant cockroaches
  12 goblins
  11 hobgoblins
  14 jackals
  4 quokkas
  3 ball pythons
  2 giant gecko zombies
  A giant newt
  A goblin skeleton
  3 goblin zombies
  3 hobgoblin skeletons
  5 hobgoblin zombies
  17 kobolds
  An orc skeleton
  12 orc zombies
  A quokka skeleton
  A quokka zombie
  13 rats
  A spectral orc
  A fungus
580 creatures vanquished.
